 Dungeon Crawl Stone Soup version 0.24.0-125-gc4c63601f3 (webtiles) character file.

Game seed: 6012728750488381999, levelgen mode: deterministic

88 Diplodocus the Skirmisher (level 4, -2/40 HPs)
             Began as a Draconian Berserker on Jan 11, 2020.
             Was a Believer of Trog.
             Slain by Grinder (11 damage)
             ... on level 3 of the Dungeon on Feb 19, 2020.
             The game lasted 00:12:02 (1314 turns).

Diplodocus the Skirmisher (Draconian Berserker)     Turns: 1314, Time: 00:12:02

Health: -2/40      AC:  5    Str: 20    XL:     4   Next: 29%
Magic:  4/4        EV: 13    Int:  8    God:    Trog [**....]
Gold:   192        SH:  0    Dex: 10    Spells: 3/3 levels left

rFire    . . .     SeeInvis .   a - +0 falchion
rCold    . . .     Gourm    .   (no shield)
rNeg     . . .     Faith    .   (armour unavailable)
rPois    .         Spirit   .   (helmet restricted)
rElec    .         Reflect  .   (no cloak)
rCorr    .         Harm     .   (no gloves)
MR       ++...                  (no boots)
Stlth    +.........             (no amulet)
HPRegen  1.13/turn              (no ring)
MPRegen  0.09/turn              (no ring)

@: regenerating
A: unfitting armour, cold-blooded, AC +5
a: Berserk, Trog's Hand, Renounce Religion


You were on level 3 of the Dungeon.
You worshipped Trog.
Trog was pleased with you.
You were hungry.

You visited 1 branch of the dungeon, and saw 3 of its levels.

You collected 192 gold pieces.

Inventory:

Hand Weapons
 a - a +0 falchion (weapon)
Jewellery
 n - a +4 ring of dexterity {unknown}
Wands
 o - a wand of random effects (11)
Scrolls
 c - a scroll of remove curse {unknown}
 f - 5 scrolls of identify {unknown}
 g - a scroll of immolation {unknown}
 i - a scroll of blinking {unknown}
 j - 2 scrolls of enchant weapon {unknown}
 k - a scroll of fog {unknown}
Potions
 d - a potion of resistance {unknown}
 e - a potion of curing {unknown}
 h - 2 potions of ambrosia {unknown}
 l - 2 potions of flight {unknown}
 m - 2 potions of might {unknown}
 p - 2 potions of brilliance {unknown}
 q - 2 potions of cancellation {unknown}
 r - a potion of lignification {unknown}
Comestibles
 b - 3 rations
 s - a chunk of flesh


   Skills:
 + Level 4.1 Fighting
 + Level 4.1 Long Blades
 + Level 3.2 Dodging


You had 3 spell levels left.
You didn't know any spells.
Your spell library was empty.

Dungeon Overview and Level Annotations

Branches:
Dungeon (3/15)

Altars:
Gozag
Kikubaaqudgha
Sif Muna
Vehumet

Shops:
D:2 *

Annotations:
D:3 Grinder


Innate Abilities, Weirdness & Mutations

Your plain brown scales are hard. (AC +5)
You cannot fit into any form of body armour.
You are cold-blooded and may be slowed by cold attacks.


Message History

A giant cockroach comes into view.
Grinder gestures at you.
You suddenly lose the ability to move!
The giant cockroach moves out of view.
Found a scroll labeled WAIPRO EHOYNYETZ.
Grinder hits you.
You writhe in agony.
Grinder hits you but does no damage. Grinder hits you.
You writhe in agony.
Grinder hits you.
You writhe in agony.
Grinder hits you but does no damage.
You can move again.
You closely miss Grinder. Grinder hits you but does no damage.
Your skin crawls.
You feel resistant to hostile enchantments.
You are feeling hungry.
Grinder hits you.
You writhe in agony.
Grinder hits you.
* * * LOW HITPOINT WARNING * * *
You writhe in agony.
* * * LOW HITPOINT WARNING * * *
Grinder gestures at you. You resist with almost no effort. Grinder hits you!
You die...

# #.......+ #
#...)...#.# .. # #
#.......#.# .# .# #
####...##.##.##.###
# #.#.#..........
#.#.#........#
#.#.#....#...##.
..#.#...........
###.@5s.........
#.......####.####.
#.#####.# .. ..#
..# .#.# .# #.#..
.. . #.# ? ## #.#


You could see Grinder and a giant cockroach.

Vanquished Creatures
  Jessica (D:2)
  An adder (D:2)
  An ooze (D:1)
  2 worms (D:2)
  2 leopard geckos (D:1)
  A giant cockroach (D:2)
  3 goblins
  7 hobgoblins
  4 jackals (D:2)
  7 kobolds
  3 bats
  2 frilled lizards (D:1)
  7 rats
41 creatures vanquished.

Notes
Turn   | Place    | Note
-------+----------+-------------------------------------------
     0 | D:1      | Diplodocus the Draconian Berserker began the quest for the
                  | Orb.
     0 | D:1      | Reached XP level 1. HP: 19/19 MP: 1/1
   269 | D:1      | Reached XP level 2. HP: 23/27 MP: 2/2
   415 | D:1      | Upgraded the game from 0.24.0-123-gd5b16e6ec5 to
                  | 0.24.0-125-gc4c63601f3
   623 | D:2      | Reached XP level 3. HP: 27/33 MP: 3/3
   656 | D:2      | Found an opulent altar of Gozag.
   658 | D:2      | Found Gozag's Platinum Reserve.
   660 | D:2      | Noticed Jessica
   665 | D:2      | Killed Jessica
   702 | D:2      | Reached ** piety under Trog
   724 | D:2      | Reached XP level 4. HP: 35/40 MP: 4/4
  1041 | D:2      | Found a radiant altar of Vehumet.
  1049 | D:2      | Found an ancient bone altar of Kikubaaqudgha.
  1050 | D:2      | Found a shimmering blue altar of Sif Muna.
  1301 | D:3      | Noticed Grinder
  1305 | D:3      | Paralysed by Grinder for 4 turns
  1314 | D:3      | Slain by Grinder

Levels and vault maps discovered:
D:1:      eino_arrival_cavern_a, layout_rooms, minivault_19,
          minmay_misc_feat_hallway
D:2:      layout_rooms, grunt_temple_overflow_magic_moments,
          corexii_item_surrounded_by_moat, nicolae_gozag_zags_fifth_avenue,
          uniq_jessica
D:3:      layout_basic, nicolae_overflow_crystal_walls, old_standard_altar,
          uniq_terence, uniq_robin, uniq_grinder

Skill      XL: |  1  2  3 |
---------------+----------+-----
Dodging        | 3 |  3.2
Fighting       | 4 |  4.1
Long Blades    | 4 |  4.1

Action                   |  1- 3 |  4- 6 || total
-------------------------+-------+-------++-------
Melee: Falchion          |    61 |    26 ||    87
       Tailslap          |     6 |     4 ||    10
Invok: Trog's Hand       |       |     1 ||     1
 Stab: Sleeping          |     1 |       ||     1
  Eat: Chunk             |       |     1 ||     1
Armor: Skin              |    11 |    10 ||    21
Dodge: Dodged            |    35 |     9 ||    44
       Rpst.: Falchion   |    14 |     3 ||    17
